 Dungeon Crawl Stone Soup version 0.29-a0-322-g68df515428 (webtiles) character file.

Game seed: 15900133624118183566

100 kae the Firebug (level 4, -3/25 HPs)
             Began as a Tengu Fire Elementalist on Apr 7, 2022.
             Slain by Terence
             ... wielding a +0 flail
              (8 damage)
             ... on level 2 of the Dungeon.
             The game lasted 00:01:31 (2035 turns).

kae the Firebug (Tengu Fire Elementalist)           Turns: 2035, Time: 00:01:32

Health: -3/25      AC:  3    Str:  9    XL:     4   Next: 73%
Magic:  0/8        EV: 12    Int: 17    God:
Gold:   41         SH:  0    Dex: 14    Spells: 1/7 levels left

rFire   . . .      SeeInvis .   h - staff of conjuration
rCold   . . .      Faith    .   (no shield)
rNeg    . . .      Spirit   .   a - +0 robe
rPois   .          Reflect  .   (helmet restricted)
rElec   .          Harm     .   k - +0 cloak
rCorr   .          Rampage  .   (no gloves)
Will    .....                   (boots unavailable)
Stlth   ++........              (no amulet)
HPRegen 0.08/turn               (no ring)
MPRegen 0.11/turn               (no ring)

@: no status effects
A: beak, talons 3
a: no special abilities


You were on level 2 of the Dungeon.
You visited 1 branch of the dungeon, and saw 2 of its levels.

You collected 41 gold pieces.

Inventory:

Hand Weapons
 e - a +0 falchion
Armour
 a - a +0 robe (worn)
 k - a +0 cloak (worn)
Magical Staves
 h - a staff of conjuration (weapon)
Jewellery
 i - a ring of wizardry
Scrolls
 c - 4 scrolls of identify {unknown}
 d - a scroll of immolation {unknown}
 g - a scroll of amnesia {unknown}
 l - a scroll of enchant weapon {unknown}
 n - a scroll of vulnerability {unknown}
Potions
 b - a potion of magic
 f - a potion of resistance {unknown}
 j - a potion of mutation {unknown}
 m - a potion of attraction {unknown}


   Skills:
 + Level 1.3 Fighting
 + Level 0.7 Staves
 + Level 1.2 Armour
 + Level 2.7 Dodging
 - Level 2.0 Stealth
 + Level 2.3 Spellcasting
 + Level 2.3 Conjurations
 * Level 4.1 Fire Magic
 + Level 0.8 Evocations


You had one spell level left.
You knew the following spells:

 Your Spells              Type           Power      Damage    Failure   Level
a - Foxfire               Conj/Fire      76%        2x1d7     4%          1
b - Scorch                Fire           30%        2d7       5%          2
c - Conjure Flame         Conj/Fire      19%        6-21      16%         3

Your spell library contained the following spells:

 Spells                   Type           Power      Damage    Failure   Level
 Beastly Appendage        Tmut           2%         N/A       19%         1
 Inner Flame              Hex/Fire       8%         N/A       24%         3
 Corpse Rot               Necr/Air       2%         N/A       28%         2
 Poisonous Vapours        Pois/Air       2%         N/A       28%         2
 Wereblood                Tmut           1%         N/A       28%         2
 Flame Wave               Conj/Fire      19%        2d6       45%         4
 Spider Form              Tmut/Pois      1%         N/A       50%         3


Dungeon Overview and Level Annotations

Branches:
Dungeon (2/15)

Altars:

Annotations:
D:2 Terence


Innate Abilities, Weirdness & Mutations

You have a beak for a mouth.
You have claws for feet.


Message History

Terence is heavily wounded.
Casting: Foxfire (safe; 4% risk of failure)
Confirm with . or Enter, or press ? or * to list all spells.
You feel a surge of power!
You conjure some foxfire!
The foxfire hits Terence.
Terence is severely wounded.
The foxfire hits Terence.
Terence is severely wounded.
Casting: Foxfire (safe; 4% risk of failure)
Confirm with . or Enter, or press ? or * to list all spells.
You feel a surge of power!
You conjure some foxfire!
The foxfire hits Terence but does no damage.
Terence is severely wounded.
The foxfire hits Terence.
Terence is almost dead.
You hit Terence but do no damage.
Terence is almost dead.
Terence barely misses you.
You hit Terence but do no damage. Your kick misses Terence.
Terence is almost dead.
Terence barely misses you. Terence hits you with a +0 flail!
You hit Terence but do no damage. Your kick misses Terence.
Terence is almost dead.
Terence hits you with a +0 flail!
* * * LOW HITPOINT WARNING * * *
You hit Terence. You peck Terence, but do no damage.
Terence is almost dead.
Terence barely misses you.
Casting: Foxfire (safe; 4% risk of failure)
Confirm with . or Enter, or press ? or * to list all spells.
You don't have enough magic to cast this spell.
You barely miss Terence.
Terence is almost dead.
Terence barely misses you.
Okay, then.
Casting: Foxfire (safe; 4% risk of failure)
Confirm with . or Enter, or press ? or * to list all spells.
Flames lash Terence but do no damage.
Terence barely misses you. Terence hits you with a +0 flail!
You die...

.#####.....###########..#.#
.# #...PP##........(....#
.#####.P...##.#####....#..#
.....##P.P###.# #..#....#
.....###.## #.# #.....#.#
.(...# #_# #.#
#...#.#.####### .....# #P#
#.# #...#.#.......# .....#
#.#####...#.#######.#
+#####
#...@@..............#
.#####
####.##..##.#########
.....# #..ยง......# .#####
########..######## .....#
#................. .#####
#.##<...#..######## .#
#.###.#..# .. #.###.#..#
.## #.....#..#


You could see Terence.

Vanquished Creatures
  Jessica (D:2)
  Natasha (D:2)
  A worm (D:2)
  A dart slug (D:1)
  4 orcs (D:2)
  2 bats (D:1)
  An endoplasm (D:2)
  A giant cockroach (D:1)
  5 goblins
  5 hobgoblins
  5 kobolds
  7 ball pythons
  6 frilled lizards
  2 rats (D:1)
42 creatures vanquished.

Vanquished Creatures (others)
  131 foxfires
131 creatures vanquished.

Grand Total: 173 creatures vanquished

Notes
Turn   | Place    | Note
-------+----------+-------------------------------------------
     0 | D:1      | kae the Tengu Fire Elementalist began the quest for the
                  | Orb.
     0 | D:1      | Reached XP level 1. HP: 10/10 MP: 4/4
   166 | D:1      | Reached XP level 2. HP: 14/15 MP: 4/6
   171 | D:1      | Learned a level 2 spell: Scorch
   660 | D:1      | Reached XP level 3. HP: 20/20 MP: 2/7
   917 | D:1      | Learned a level 3 spell: Conjure Flame
  1062 | D:2      | Noticed Terence
  1254 | D:2      | Noticed Jessica
  1265 | D:2      | Killed Jessica
  1266 | D:2      | Reached skill level 1 in Fighting
  1266 | D:2      | Reached skill level 1 in Armour
  1266 | D:2      | Reached XP level 4. HP: 15/25 MP: 3/8
  1352 | D:2      | Reached skill level 4 in Fire Magic
  1743 | D:2      | Noticed Natasha
  1749 | D:2      | Killed Natasha
  1955 | D:2      | Found a faded altar of an unknown god.
  2035 | D:2      | Slain by Terence

Illustrated notes

Levels and vault maps discovered:
D:1:      dpeg_arrival_long_road, layout_rooms
D:2:      layout_basic, shapermc_ecumenical_altar_flowoftime, uniq_natasha,
          uniq_terence, uniq_jessica

Skill      XL: |  1  2  3  4 |
---------------+-------------+-----
Conjurations   | 2 |  2.3
Fighting       | 1 |  1.3
Armour         | 1 |  1.2
Fire Magic     | 4 |  4.1
Staves         | |  0.7
Dodging        | |  2.7
Stealth        | |  2.0
Spellcasting   | |  2.3
Evocations     | |  0.8

Action                   |  1- 3 |  4- 6 || total
-------------------------+-------+-------++-------
Melee: Falchion          |     2 |       ||     2
       Kick              |     2 |       ||     2
       Staff             |     4 |     6 ||    10
       Peck              |       |     1 ||     1
 Cast: Foxfire           |    52 |    22 ||    74
       Conjure Flame     |     2 |     1 ||     3
       Scorch            |       |     2 ||     2
Armor: Robe              |     3 |     2 ||     5
Dodge: Dodged            |     9 |     8 ||    17

Table legend: (Time is in decaauts)
 A = Elapsed time spent in this place.
 B = Non-inter-level travel time spent in this place.
 C = Inter-level travel time spent in this place.
 D = Time resting spent in this place.
 E = Time spent auto-exploring this place.
 F = Levels seen in this place.
 G = Mean time per level.
                   A        B        C        D        E       F      G
               +--------+--------+--------+--------+--------+-----+--------+
         Total |   2037 |   2012 |     25 |     61 |   1584 |   2 | 1018.5 |
       Dungeon |   2037 |   2012 |     25 |     61 |   1584 |   2 | 1018.5 |
               +--------+--------+--------+--------+--------+-----+--------+

Top non-repeatable levels by time:
     D:2: 1033 daAuts
     D:1: 1003 daAuts
